 Dungeon Crawl Stone Soup version 0.27.1 (webtiles) character file.

Game seed: 8710007358599360228

35 r3algoood the Firebug (level 3, -1/26 HPs)
             Began as a Demigod Fire Elementalist on Sept 1, 2021.
             Slain by Terence (5 damage)
             ... on level 2 of the Dungeon.
             The game lasted 00:03:31 (2187 turns).

r3algoood the Firebug (Demigod Fire Elementalist)   Turns: 2187, Time: 00:03:32

Health: -1/26      AC:  2    Str:  9    XL:     3   Next: 4%
Magic:  6/8        EV: 27    Int: 21    God:
Gold:   46         SH:  0    Dex: 14    Spells: 5/6 levels left

rFire    . . .     SeeInvis .   g - +0 whip
rCold    . . .     Faith    .   (no shield)
rNeg     . . .     Spirit   .   a - +0 robe
rPois    .         Reflect  .   (no helmet)
rElec    .         Harm     .   (no cloak)
rCorr    .         Rampage  .   (no gloves)
Will     .....                  (no boots)
Stlth    ++........             b - amulet of the acrobat
HPRegen  0.08/turn              (no ring)
MPRegen  0.11/turn              (no ring)

@: acrobatic
A: high mp 1, forlorn
a: no special abilities


You were on level 2 of the Dungeon.
You visited 1 branch of the dungeon, and saw 2 of its levels.

You collected 46 gold pieces.

Inventory:

Hand Weapons
 g - a +0 whip (weapon)
Armour
 a - a +0 robe (worn)
Jewellery
 b - an amulet of the acrobat (around neck)
Scrolls
 f - a scroll of identify {unknown}
Potions
 c - 2 potions of resistance {unknown}
 d - a potion of curing {unknown}
 e - a potion of haste {unknown}


   Skills:
 + Level 0.1 Maces & Flails
 + Level 2.1 Dodging
 + Level 2.2 Stealth
 + Level 0.2 Unarmed Combat
 + Level 2.1 Spellcasting
 + Level 1.1 Conjurations
 + Level 3.0 Fire Magic


You had 5 spell levels left.
You knew the following spells:

 Your Spells              Type           Power      Damage    Failure   Level
a - Foxfire               Conj/Fire      44%        2x1d6     6%          1

Your spell library contained the following spells:

 Spells                   Type           Power      Damage    Failure   Level
 Conjure Flame            Conj/Fire      11%        6-21      19%         3
 Inner Flame              Hex/Fire       8%         N/A       24%         3
 Sticky Flame             Conj/Fire      11%        2d3       52%         4
 Fireball                 Conj/Fire      5%         3d5       86%         5


Dungeon Overview and Level Annotations

Branches:
Dungeon (2/15)

Annotations:
D:2 Terence


Innate Abilities, Weirdness & Mutations

Your attributes grow dramatically as you level up.
You have an increased reservoir of magic. (+10% MP)
You shall have no god before yourself.


Message History

Nothing appears to happen.
Your foxfire dissipates!
Your magical contamination has completely faded away.
You start resting.
Magic restored.
Terence shouts!
Casting: Foxfire (safe; 6% risk of failure)
Confirm with . or Enter, or press ? or * to list all spells.
You conjure some foxfire!
The foxfire hits Terence but does no damage.
Your foxfire dissipates!
Terence says, "Don't bother to defend, it's senseless."
Casting: Foxfire (safe; 6% risk of failure)
Confirm with . or Enter, or press ? or * to list all spells.
You conjure some foxfire!
Terence hits you with a +2 vorpal flail!
Ouch! That really hurt!
Your foxfire dissipates!
The foxfire hits Terence.
Terence is lightly wounded.
Casting: Foxfire (safe; 6% risk of failure)
Confirm with . or Enter, or press ? or * to list all spells.
You conjure some foxfire!
Terence hits you with a +2 vorpal flail.
* * * LOW HITPOINT WARNING * * *
x2 Your foxfire dissipates!
The foxfire hits Terence.
Terence is moderately wounded.
Terence closely misses you.
Casting: Foxfire (safe; 6% risk of failure)
Confirm with . or Enter, or press ? or * to list all spells.
You conjure some foxfire!
Terence completely misses you.
The foxfire hits Terence but does no damage.
Terence is lightly wounded.
The foxfire hits Terence but does no damage.
Terence is lightly wounded.
Terence closely misses you. Terence misses you.
Terence hits you with a +2 vorpal flail.
You die...

#.# .. #.#.#.#
##.## .# #.....#
#>..# #####.###
#.#.# #......#
#...# #.##.#.#
##.## #.##.#.# #.#
###.##...#
#.########...####.#
#..........#@####.#
##########.#.@....#
..#....#.#
#######...#
#....### #.#### #


You could see Terence.

Vanquished Creatures
  An adder (D:2)
  2 dart slugs (D:1)
  3 bats
  2 endoplasms (D:1)
  A giant cockroach (D:1)
  2 goblins (D:1)
  3 hobgoblins (D:1)
  A kobold (D:1)
  2 quokkas (D:1)
  2 rats (D:1)
19 creatures vanquished.

Vanquished Creatures (others)
  49 foxfires
49 creatures vanquished.

Grand Total: 68 creatures vanquished

Notes
Turn   | Place    | Note
-------+----------+-------------------------------------------
     0 | D:1      | r3algoood the Demigod Fire Elementalist began the quest for
                  | the Orb.
     0 | D:1      | Reached XP level 1. HP: 14/14 MP: 5/5
   468 | D:1      | Reached skill level 1 in Conjurations
   641 | D:1      | Reached skill level 3 in Fire Magic
   784 | D:1      | Reached XP level 2. HP: 13/20 MP: 1/7
  2027 | D:2      | Reached XP level 3. HP: 26/26 MP: 4/8
  2122 | D:2      | Noticed Terence
  2187 | D:2      | Slain by Terence

Illustrated notes

Levels and vault maps discovered:
D:1:      dpeg_arrival_round_c, layout_loops_corners,
          shapermc_ecumenical_altar_petra
D:2:      layout_loops_cross, uniq_jessica, uniq_terence

Skill      XL: |  1  2 |
---------------+-------+-----
Conjurations   | 1 |  1.1
Fire Magic     | 3 |  3.0
Dodging        | 2 |  2.1
Stealth        | 2 |  2.2
Spellcasting   | 2 |  2.1
Maces & Flails | |  0.1
Unarmed Combat | |  0.2

Action                   || total
-------------------------++-------
Melee: Unarmed           ||    29
       Whip              ||    14
 Cast: Foxfire           ||    43
 Stab: Sleeping          ||     2
Armor: Robe              ||     7
Dodge: Dodged            ||    79
